 Dungeon Crawl Stone Soup version 0.26-a0-1184-g95e395e029 (webtiles) character file.

Game seed: 4188551772320592694

135599 sanka the Ninja (level 16, -2/85 HPs)
             Began as a Spriggan Enchanter on Dec 26, 2020.
             Was the Champion of Ru.
             Slain by a wolf spider (5 damage)
             ... on level 1 of the Spider Nest on Dec 27, 2020.
             The game lasted 01:34:48 (44845 turns).

sanka the Ninja (Spriggan Enchanter)               Turns: 44845, Time: 01:34:50

Health: -2/85      AC:  5    Str:  4    XL:     16   Next: 64%
Magic:  0/39       EV: 35    Int: 18    God:    Ru [******]
Gold:   976        SH:  0    Dex: 22    Spells: 18/33 levels left

rFire    + . .     SeeInvis +   a - +2 dagger (flame)
rCold    . . .     Faith    .   (shield unavailable)
rNeg     . . .     Spirit   +   Q - +2 robe {rF+}
rPois    .         Reflect  .   s - +0 mask of the Dragon {Will+ Slay+3 SInv}
rElec    .         Harm     .   j - +0 cloak
rCorr    .         Rampage  .   (gloves unavailable)
Will     +++..                  (boots unavailable)
Stlth    ++++++++++             g - amulet of guardian spirit
HPRegen  0.00/turn              (ring unavailable)
MPRegen  0.26/turn              o - ring of magical power

@: studying 2 skills, very quick
A: very small, unfitting armour, see invisible, speed 3, inhibited regeneration,
missing a hand, inability to use devices, hated by all
a: Renounce Religion, Draw Out Power, Power Leap, Apocalypse


You were on level 1 of the Spider Nest.
You worshipped Ru.
Ru was exalted by your worship.
You visited 5 branches of the dungeon, and saw 26 of its levels.
You also visited: Sewer and Gauntlet.

You collected 3175 gold pieces.
You spent 2199 gold pieces at shops.


Innate Abilities, Weirdness & Mutations

You are very small and have problems with some larger weapons.
You are too small for most types of armour.
You have supernaturally acute eyesight. (SInv)
You cover ground extremely quickly.
You do not regenerate when monsters are visible.
You are missing a hand.
You cannot study or use magical devices.
You are hated by all.


   Skills:
 - Level 10.0 Fighting
 - Level 10.0 Short Blades
 + Level 16.6 Dodging
 O Level 27 Stealth
 + Level 9.3 Spellcasting
 + Level 12.0 Hexes
 + Level 6.3 Ice Magic


You had 18 spell levels left.
You knew the following spells:

 Your Spells              Type           Power        Failure   Level
y - Dazzling Flash        Conj/Hex       60%          2%          3
z - Ensorcelled Hibernat  Hex/Ice        82%          1%          2
N - Passwall              Tmut/Erth      6%           13%         2
Q - Cause Fear            Hex            25%          1%          4
X - Confusing Touch       Hex            51%          1%          3
Z - Corona                Hex            56%          1%          1

Your spell library contained the following spells:

 Spells                   Type           Power        Failure   Level
 Slow                     Hex            51%          1%          2
 Inner Flame              Hex/Fire       30%          2%          3
 Portal Projectile        Hex/Tloc       60%          2%          3
 Metabolic Englaciation   Hex/Ice        20%          5%          5
 Leda's Liquefaction      Hex/Erth       15%          7%          4
 Foxfire                  Conj/Fire      32%          9%          1
 Blink                    Tloc           N/A          13%         2
 Corpse Rot               Necr/Air       N/A          13%         2
 Yara's Violent Unravell  Hex/Tmut       15%          21%         5
 Ice Form                 Ice/Tmut       19%          24%         4
 Gell's Gravitas          Tloc           4%           26%         3
 Lesser Beckoning         Tloc           4%           26%         3
 Stone Arrow              Conj/Erth      16%          26%         3
 Teleport Other           Tloc           8%           26%         3
 Passage of Golubria      Tloc           N/A          63%         4
 Petrify                  Tmut/Erth      8%           63%         4
 Fireball                 Conj/Fire      4%           93%         5
 Eringya's Noxious Bog    Tmut/Pois      4%           100%        6
 Hydra Form               Tmut           4%           100%        6
 Tukima's Dance           Hex            Unusable     N/A         3
 Summon Forest            Summ/Tloc      Unusable     N/A         5
 Summon Hydra             Summ           Unusable     N/A         7

Inventory:

Hand Weapons
 a - a +2 dagger of flaming (weapon)
 W - a +2 dagger of pain
Missiles
 v - 6 curare-tipped darts {=f}
Armour
 j - a +0 cloak (worn)
 s - the +0 mask of the Dragon (worn) {Will+ Slay+3 SInv}

   It affects your accuracy and damage with ranged weapons and melee attacks
   (+3).
   It affects your willpower, your defense against some magical effects.
   It lets you see invisible.
 H - +0 steam dragon scales
 Q - a +2 robe of fire resistance (worn)
Jewellery
 g - an amulet of guardian spirit (around neck)
 h - an uncursed ring of poison resistance
 n - an uncursed ring of resist corrosion
 o - a ring of magical power (right hand)
 q - the ring of Jilag {rF+++ MP+9 Int-2 SInv Stlth-}

   [ring of attention]

   It affects your intelligence (-2).
   It renders you almost immune to fire.
   It affects your magic capacity (+9).
   It lets you see invisible.
   It makes you less stealthy.
 M - an uncursed ring of ice
 V - the ring "Kuitao" {rN+ Stlth+}

   [ring of stealth]

   It protects you from negative energy.
   It makes you more stealthy.
Scrolls
 e - 11 scrolls of remove curse
 i - 5 scrolls of fog
 l - 3 scrolls of fear
 p - 14 scrolls of teleportation {@r4}
 r - 3 scrolls of amnesia
 t - 6 scrolls of blinking
 u - 3 scrolls of enchant armour
 x - 8 scrolls of immolation {!r}
 y - 4 scrolls of enchant weapon
 G - 2 scrolls of magic mapping
 I - 5 scrolls of identify {@r1}
 J - a scroll of brand weapon
 K - 2 scrolls of silence {!r}
 N - 2 scrolls of torment {!r}
 T - a scroll of holy word
 U - 2 scrolls of acquirement {unknown}
Potions
 b - 4 potions of cancellation
 c - 5 potions of might
 d - 12 potions of curing {@q1}
 f - 8 potions of brilliance
 k - 5 potions of resistance
 m - 5 potions of haste {@q3}
 w - 2 potions of attraction {unknown}
 z - 6 potions of heal wounds {@q2}
 A - 7 potions of flight
 B - 4 potions of invisibility
 C - 3 potions of mutation {!q}
 D - 3 potions of ambrosia
 L - 2 potions of magic {unknown}
 O - 2 potions of berserk rage {unknown}
 P - 4 potions of degeneration {unknown}
 R - 2 potions of lignification {!q}
Books
 E - a manual of Ice Magic
 F - a manual of Throwing

Dungeon Overview and Level Annotations

Branches:
Dungeon (15/15)            Temple (1/1) D:5            Lair (6/6) D:8
  Swamp (0/4) Lair:2       Spider (2/4) Lair:4        Slime (0/5) Lair:5
    Orc (2/2) D:10            Elf (0/3) Orc:2        Vaults (0/5) D:14
 Depths (0/5) D:15          Sewer (visited)         Gauntlet (visited)

Altars:
Ashenzari
Cheibriados
Dithmenos
Elyvilon
Fedhas
Gozag
Hepliaklqana
Kikubaaqudgha
Makhleb
Nemelex Xobeh
Okawaru
Qazlal
Ru
Sif Muna
Trog
Uskayaw
Vehumet
Wu Jian
Xom
Yredelemnul
Zin
The Shining One
Beogh

Shops:
D:5 ?   Orc:2 [*!=((:((

Annotations:
D:9 1 runed translucent door

..▒▒▒▒▒▒▒...^................▒
.▒▒).⌠..▒▒...................▒
▒▒8.....8▒▒...............▒▒▒▒
▒....[....▒.................▒▒
▒.........▒..................▒
▒⌠.......⌠▒.................▒▒
▒.........▒..............^...▒
▒▒▒▒'''▒▒▒▒....sss.▒▒▒......▒▒
▒▒.......^......i▒▒▒.▒▒▒.....▒▒
...............ss|.....▒▒▒▒▒..▒
...........................▒▒▒▒▒
........(...)..............^...▒
^...........^.................▒▒
................▒...........▒▒▒
................▒...........▒▒
..)..........s..▒............▒
......>.........▒...........▒▒


You could see 3 wolf spiders, 2 jumping spiders and a redback.


Message History

You hear an angry hiss.
You climb upwards.
* * * LOW HITPOINT WARNING * * *
You feel very sick.
There is a stone staircase leading down, spattered with blood here.
Unknown command.
Unknown command.
The jumping spider is no longer blind.
The jumping spider is no longer blind.
The redback barely misses you.
The jumping spider completely misses you.
The jumping spider completely misses you.
The jumping spider leaps!
The wolf spider hits you!!
* * * LOW HITPOINT WARNING * * *
The wolf spider completely misses you.
You redirect the wolf spider's attack!
The wolf spider hits the wolf spider!!
The wolf spider bites the wolf spider!
The redback misses you.
The wolf spider hisses angrily.
Unknown command.
The jumping spider completely misses you.
The jumping spider barely misses you. The wolf spider hits you!!
* * * LOW HITPOINT WARNING * * *
The wolf spider completely misses you.
The jumping spider begins to attack, but is stunned by your conviction!
The wolf spider hits you.
You die...

Action                   |  1- 3 |  4- 6 |  7- 9 | 10-12 | 13-15 | 16-18 || total
-------------------------+-------+-------+-------+-------+-------+-------++-------
Melee: Dagger            |    72 |   152 |   149 |   428 |   740 |   372 ||  1913
 Cast: Corona            |     5 |       |       |       |       |       ||     5
       Ensorcelled Hiber |    18 |    98 |    90 |   267 |   405 |   121 ||   999
       Confusing Touch   |       |     3 |     9 |    21 |    46 |    22 ||   101
       Tukima's Dance    |       |     1 |       |       |       |       ||     1
       Dazzling Flash    |       |       |       |     3 |    28 |     3 ||    34
Invok: Sacrifice Love    |       |       |     1 |       |       |       ||     1
       Sacrifice Purity  |       |       |       |     1 |       |       ||     1
       Sacrifice a Hand  |       |       |       |     1 |       |       ||     1
       Sacrifice Artific |       |       |       |     1 |       |       ||     1
       Apocalypse        |       |       |       |       |     6 |     1 ||     7
  Use: Scroll            |       |       |     8 |    10 |    10 |       ||    28
       Potion            |       |       |       |       |       |     4 ||     4
 Stab: Sleeping          |    23 |    62 |    80 |   149 |   236 |    59 ||   609
       Confused          |       |     3 |     8 |    21 |    46 |    19 ||    97
       Distracted        |       |     2 |     1 |     5 |    17 |     7 ||    32
       Invisible         |       |       |       |     4 |    33 |    12 ||    49
       Paralysed         |       |       |       |     1 |    11 |     3 ||    15
       Petrified         |       |       |       |       |     3 |       ||     3
       Petrifying        |       |       |       |       |     1 |       ||     1
       Held in net/web   |       |       |       |       |       |     2 ||     2
Armor: Robe              |     4 |    31 |    10 |     7 |    26 |    46 ||   124
       Steam dragon scal |       |       |     1 |    24 |       |       ||    25
Dodge: Dodged            |    60 |   184 |   153 |   413 |   790 |   776 ||  2376

Levels and vault maps discovered:
D:1:      moated_graveyard_arrival, layout_basic, minmay_misc_feat_secret_circle
D:2:      layout_loops_ring, kennysheep_slug_shrine, minmay_divided_ellipse
D:3:      layout_basic, nicolae_overflow_crystal_walls,
          amethyst_overflow_temple_binary, grunt_dithmenos_smoke, uniq_robin
D:4:      layout_cave_pools, uniq_menkaure
D:5:      layout_basic, old_standard_altar, overflow_temple_1_default,
          minmay_temple_entry_poolview, serial_shops, shop,
          cheibrodos_sewer_entry_drain, hangedman_abyss_or_decor_stagger,
          minmay_manual_maat
D:6:      layout_loops_ring, old_standard_altar, vehumet_altar_wand_db
D:7:      layout_basic, overflow_temple_1_default, uniq_maggie, uniq_pikel
D:8:      layout_loops_ring, old_standard_altar, dpeg_oklobed_lair,
          minmay_manual_monolith
D:9:      lemuel_insect_pit, layout_cave_pools, kennysheep_mini_moat
D:10:     layout_basic, orc_0_dummy, uniq_nergalle
D:11:     layout_basic, hangedman_decor_opposing
D:12:     layout_cave_pools
D:13:     minmay_the_grid_3x2 [minmay_the_grid_spikes,
          minmay_the_grid_holed_spiral, minmay_the_grid_outer_diamond,
          minmay_the_grid_large_cup, minmay_the_grid_box_x,
          minmay_the_grid_prize_inner_circle], layout_basic, onia_ninara_cookie,
          uniq_frances
D:14:     layout_stronghold, grunt_vaults_entry_tiered,
          ebering_ghost_reflecting_pool, nrook_mini_vaults, uniq_louise
D:15:     grunt_enter_depths_hoard, layout_loops_corners
Temple:   minmay_temple_curvy_loop
Lair:1:   layout_roguey
Lair:2:   layout_hall_layers, swamp_mist_pool, lemuel_old_faithful,
          lemuel_fruit_tree
Lair:3:   layout_long_grid
Lair:4:   layout_cave_shapes, spider_nest_entry_funnel_web
Lair:5:   layout_loops_ring, minmay_slime_entry_pillars
Lair:6:   evilmike_catoblepas_cave, layout_concentric_octagons,
          gauntlet_entry_generic
Spider:1: layout_spider_delve, gammafunk_ghost_cemetery, nicolae_crawler_farm,
          uniq_donald, uniq_kirke, uniq_agnes
Spider:2: layout_spider_delve, nicolae_spider_nook, uniq_arachne, uniq_azrael
Orc:1:    layout_caves
Orc:2:    grunt_orc_tribal_feast, layout_caves, serial_shops, shop_statue,
          shop_statue, shop, shop_statue, shop, basic_altar

Notes
Turn   | Place    | Note
-------+----------+-------------------------------------------
     0 | D:1      | sanka the Spriggan Enchanter began the quest for the Orb.
     0 | D:1      | Reached XP level 1. HP: 9/9 MP: 5/5
   165 | D:1      | Reached skill level 5 in Stealth
   332 | D:1      | Reached XP level 2. HP: 12/13 MP: 4/6
   335 | D:1      | Learned a level 2 spell: Ensorcelled Hibernation
   691 | D:1      | Reached skill level 6 in Stealth
  2121 | D:2      | Reached XP level 3. HP: 16/16 MP: 5/8
  2146 | D:2      | Found a snail-covered altar of Cheibriados.
  2216 | D:2      | Reached skill level 7 in Stealth
  2754 | D:2      | Reached XP level 4. HP: 20/21 MP: 9/9
  2838 | D:2      | Learned a level 3 spell: Confusing Touch
  2964 | D:2      | Reached skill level 8 in Stealth
  3587 | D:2      | Reached skill level 2 in Short Blades
  3938 | D:2      | Found a snail-covered altar of Cheibriados.
  4174 | D:2      | Reached XP level 5. HP: 17/24 MP: 10/10
  4405 | D:2      | Reached skill level 3 in Short Blades
  4667 | D:3      | Noticed Robin
  4702 | D:3      | Killed Robin
  4989 | D:3      | Found a hazy altar of Hepliaklqana.
  5828 | D:3      | Found a shadowy altar of Dithmenos.
  5975 | D:3      | Reached skill level 4 in Short Blades
  6095 | D:3      | Found a glowing golden altar of the Shining One.
  6095 | D:3      | Found a sparkling altar of Nemelex Xobeh.
  6243 | D:4      | Noticed an ogre
  6262 | D:4      | Killed an ogre
  6263 | D:4      | Reached skill level 5 in Short Blades
  6263 | D:4      | Reached XP level 6. HP: 24/28 MP: 11/11
  6268 | D:4      | Reached skill level 3 in Spellcasting
  6268 | D:4      | Reached skill level 4 in Hexes
  6559 | D:4      | Noticed Menkaure
  6598 | D:4      | Reached skill level 5 in Hexes
  6705 | D:3      | Learned a level 3 spell: Tukima's Dance
  6884 | D:4      | Reached XP level 7. HP: 32/32 MP: 4/12
  7038 | D:4      | Reached skill level 6 in Hexes
  7083 | D:4      | Killed Menkaure
  7374 | D:5      | Entered Level 5 of the Dungeon
  7379 | D:5      | Reached skill level 7 in Hexes
  7471 | D:5      | Found a blossoming altar of Fedhas.
  7553 | D:5      | Found a glowing drain.
  7563 | Sewer    | Entered a sewer
  7607 | Sewer    | Noticed Purgy
  7609 | Sewer    | Killed Purgy
  7781 | D:5      | Reached skill level 8 in Hexes
  7932 | D:5      | Reached skill level 1 in Fighting
  8104 | D:5      | Noticed a two-headed ogre
  8111 | D:5      | Killed a two-headed ogre
  8112 | D:5      | Reached skill level 3 in Fighting
  8112 | D:5      | Reached skill level 8 in Dodging
  8112 | D:5      | Reached XP level 8. HP: 40/40 MP: 13/13
  8242 | D:5      | Found a glowing silver altar of Zin.
  8242 | D:5      | Found Vaew's Magic Scroll Boutique.
  8641 | D:5      | Found a staircase to the Ecumenical Temple.
  8654 | Temple   | Entered the Ecumenical Temple
  8849 | Temple   | Became a worshipper of Ru the Awakened
  8928 | D:5      | Bought a scroll of blinking for 90 gold pieces
  8928 | D:5      | Bought a scroll of enchant armour for 90 gold pieces
  8928 | D:5      | Bought a scroll of summoning for 114 gold pieces
  8928 | D:5      | Bought a scroll of fear for 42 gold pieces
  8928 | D:5      | Bought a scroll of identify for 24 gold pieces
  8962 | D:6      | Found an ornate altar of the Wu Jian Council.
  8981 | D:6      | Reached skill level 9 in Stealth
  9046 | D:6      | Got a brightly glowing robe
  9057 | D:6      | Identified the +5 robe of Inevitability {Harm} (You found
                  | it on level 6 of the Dungeon)
  9145 | D:6      | Reached skill level 10 in Stealth
  9177 | D:6      | Reached XP level 9. HP: 37/44 MP: 14/14
  9362 | D:6      | Found a radiant altar of Vehumet.
  9457 | D:6      | Reached skill level 11 in Stealth
 10223 | D:7      | Reached skill level 12 in Stealth
 10397 | D:7      | Noticed Pikel
 10421 | D:7      | Killed Pikel
 10422 | D:7      | Reached skill level 7 in Short Blades
 10481 | D:7      | Found a broken altar of Ashenzari.
 10553 | D:7      | Identified +0 steam dragon scales
 10553 | D:7      | Noticed Maggie
 10646 | D:7      | Killed Maggie
 10647 | D:7      | Reached skill level 8 in Short Blades
 10675 | D:7      | Gained mutation: You are hated by all. [Ru sacrifice]
 10675 | D:7      | Reached * piety under Ru
 10962 | D:7      | Learned a level 3 spell: Dazzling Flash
 11031 | D:8      | Found a staircase to the Lair.
 11107 | D:8      | Noticed a two-headed ogre
 11137 | D:8      | Killed a two-headed ogre
 11138 | D:8      | Reached XP level 10. HP: 49/49 MP: 11/16
 11280 | D:8      | Reached skill level 4 in Spellcasting
 11410 | D:8      | Found a hide-covered altar of Uskayaw.
 11948 | D:8      | Reached skill level 9 in Dodging
 12853 | D:9      | Noticed a boulder beetle
 12929 | D:9      | Killed a boulder beetle
 12930 | D:9      | Reached skill level 4 in Fighting
 12930 | D:9      | Reached skill level 13 in Stealth
 12930 | D:9      | Reached skill level 5 in Spellcasting
 12930 | D:9      | Reached skill level 9 in Hexes
 13022 | D:9      | Reached skill level 9 in Short Blades
 13033 | D:9      | Found a stormy altar of Qazlal.
 13068 | D:9      | Gained mutation: You do not regenerate when monsters are
                  | visible. [Ru sacrifice]
 13068 | D:9      | Reached ** piety under Ru
 13280 | D:9      | Got a slimy quarterstaff
 13281 | D:9      | Identified the +5 quarterstaff "Siyz" {pain, rN+ MP+9 Int+3
                  | SInv} (You found it on level 9 of the Dungeon)
 13290 | D:9      | Found a runed translucent door.
 13306 | D:9      | Found a runed translucent door.
 13791 | D:9      | Found a stormy altar of Qazlal.
 13916 | D:9      | Found a runed translucent door.
 14119 | D:10     | Entered Level 10 of the Dungeon
 14437 | D:10     | Found a staircase to the Orcish Mines.
 14481 | D:10     | Noticed Nergalle
 14485 | D:10     | Killed Nergalle
 14486 | D:10     | Reached skill level 10 in Dodging
 14486 | D:10     | Reached XP level 11. HP: 54/54 MP: 20/20
 14793 | D:11     | HP: 5/54 [orc wizard/puff of flame (2)]
 14949 | D:11     | Reached skill level 6 in Spellcasting
 15525 | Lair:1   | Entered Level 1 of the Lair of Beasts
 15662 | Lair:1   | Reached skill level 5 in Fighting
 15662 | Lair:1   | Reached skill level 10 in Hexes
 15756 | Lair:1   | Reached skill level 14 in Stealth
 15758 | Lair:1   | Reached skill level 11 in Dodging
 15793 | Lair:1   | Reached skill level 10 in Short Blades
 16402 | Lair:2   | Noticed a five-headed hydra
 16409 | Lair:2   | Killed a five-headed hydra
 16425 | Lair:2   | Gained mutation: You are missing a hand. [Ru sacrifice]
 16425 | Lair:2   | Reached *** piety under Ru
 16425 | Lair:2   | Reached **** piety under Ru
 16425 | Lair:2   | Reached ***** piety under Ru
 16486 | Lair:2   | Found a staircase to the Swamp.
 16841 | Lair:2   | Reached skill level 6 in Fighting
 16897 | Lair:2   | Reached skill level 12 in Dodging
 17182 | Lair:2   | Reached skill level 15 in Stealth
 17535 | Lair:3   | Reached XP level 12. HP: 61/61 MP: 22/22
 17631 | Lair:3   | Reached skill level 13 in Dodging
 17898 | Lair:3   | Noticed an eight-headed hydra
 17910 | Lair:3   | Killed an eight-headed hydra
 18084 | Lair:3   | Noticed a five-headed hydra
 18092 | Lair:3   | Killed a five-headed hydra
 18093 | Lair:3   | Reached skill level 14 in Dodging
 18426 | Lair:3   | Noticed a six-headed hydra
 18443 | Lair:3   | Killed a six-headed hydra
 18818 | Lair:4   | Reached skill level 15 in Dodging
 19039 | Lair:2   | Gained mutation: You cannot study or use magical devices.
                  | [Ru sacrifice]
 19039 | Lair:2   | Reached ****** piety under Ru
 19213 | Lair:4   | Noticed a seven-headed hydra
 19225 | Lair:4   | Killed a seven-headed hydra
 19361 | Lair:4   | Reached skill level 7 in Fighting
 19361 | Lair:4   | Reached skill level 16 in Stealth
 19743 | Lair:4   | Found a hole to the Spider Nest.
 20522 | Lair:5   | Reached XP level 13. HP: 68/68 MP: 23/23
 20616 | Lair:5   | Reached skill level 17 in Stealth
 21108 | Lair:5   | Reached skill level 8 in Fighting
 21138 | Lair:5   | Found a staircase to the Slime Pits.
 21920 | Lair:6   | Entered Level 6 of the Lair of Beasts
 21973 | Lair:6   | Found a gate leading to a gauntlet.
 21989 | Gauntlet | Entered a Gauntlet
 21989 | Gauntlet | Found a transporter.
 21989 | Gauntlet | Found a runed translucent door.
 21989 | Gauntlet | Found a transporter.
 22000 | Gauntlet | Found a transporter.
 22012 | Gauntlet | Found a transporter.
 22030 | Gauntlet | Found a transporter.
 22030 | Gauntlet | Found a transporter.
 22032 | Gauntlet | Found a transporter.
 22032 | Gauntlet | Found a transporter.
 22033 | Gauntlet | Found a transporter.
 22048 | Gauntlet | Found a transporter.
 22059 | Gauntlet | Found a transporter.
 22069 | Gauntlet | Found a transporter.
 22074 | Gauntlet | Noticed a death ooze
 22087 | Gauntlet | Found a transporter.
 22103 | Gauntlet | Found a transporter.
 22105 | Gauntlet | Found a runed translucent door.
 22161 | Gauntlet | Upgraded the game from 0.26-a0-1181-gd376ed14c5 to
                  | 0.26-a0-1184-g95e395e029
 22294 | Gauntlet | Reached skill level 18 in Stealth
 22298 | Gauntlet | Reached skill level 9 in Fighting
 22867 | Gauntlet | Got a heavily runed marble ring
 22869 | Gauntlet | Identified the ring of Jilag {rF+++ MP+9 Int-2 SInv Stlth-}
                  | (You found it in a Gauntlet)
 22930 | Gauntlet | Noticed a minotaur
 22956 | Gauntlet | Killed a minotaur
 23078 | Gauntlet | Got a warped mace
 23079 | Gauntlet | Identified the +6 mace of the Hero {freeze, MP+9 Int+3
                  | Stlth-} (You found it in a Gauntlet)
 23146 | Lair:6   | Reached skill level 19 in Stealth
 23963 | Lair:5   | Found a staircase to the Slime Pits.
 24868 | Lair:5   | Reached skill level 10 in Fighting
 25250 | Lair:6   | Reached skill level 20 in Stealth
 25250 | Lair:6   | Reached XP level 14. HP: 54/77 MP: 19/24
 26150 | Lair:6   | Reached skill level 21 in Stealth
 26716 | Lair:6   | Reached skill level 22 in Stealth
 27808 | Orc:1    | Entered Level 1 of the Orcish Mines
 28625 | Orc:1    | Noticed a stone giant
 28636 | Orc:1    | Killed a stone giant
 28637 | Orc:1    | Reached skill level 23 in Stealth
 28869 | Orc:2    | Entered Level 2 of the Orcish Mines
 29704 | Orc:2    | Found a roughly hewn altar of Beogh.
 29722 | Orc:2    | Found Xisiog's Weapon Shop.
 29836 | Orc:2    | Found Feluv's Distillery.
 29846 | Orc:2    | Found a staircase to the Elven Halls.
 30191 | Orc:2    | Found Loll's Jewellery Emporium.
 30226 | Orc:2    | Found Pojirabb's Assorted Antiques.
 30229 | Orc:2    | Found Voomaech's Armour Shop.
 31276 | Orc:2    | Found Okuunyqu's Antique Weapon Emporium.
 31276 | Orc:2    | Found Dimic's Book Shop.
 31278 | Orc:2    | Found Qeskuq's Weapon Emporium.
 31278 | Orc:2    | Found Nemuapoute's Weapon Shop.
 31281 | Orc:2    | Reached skill level 24 in Stealth
 31867 | Orc:2    | Bought the +0 mask of the Dragon {Will+ Slay+3 SInv} for
                  | 1135 gold pieces
 31867 | Orc:2    | Found the +0 mask of the Dragon {Will+ Slay+3 SInv}
 31902 | Orc:2    | Bought a potion of invisibility for 96 gold pieces
 31902 | Orc:2    | Bought a potion of heal wounds for 60 gold pieces
 31902 | Orc:2    | Bought a potion of heal wounds for 60 gold pieces
 31902 | Orc:2    | Bought a potion of might for 48 gold pieces
 31936 | Orc:2    | Bought a book of Debilitation for 440 gold pieces
 31941 | Orc:2    | Learned a level 4 spell: Cause Fear
 32465 | D:12     | Identified 2 potions of resistance
 32769 | D:13     | Reached XP level 15. HP: 80/80 MP: 25/25
 33053 | D:13     | Noticed Frances
 33055 | D:13     | Killed Frances
 33409 | D:13     | Reached skill level 25 in Stealth
 34460 | D:14     | Found a gate to the Vaults.
 34480 | D:14     | Reached skill level 26 in Stealth
 34882 | D:14     | Found a runed translucent door.
 34883 | D:14     | Noticed Realifif's ghost (journeyman MiFi)
 34909 | D:14     | Killed Realifif's ghost
 34969 | D:14     | Identified Caghu's Collected Works on Blistering
                  | Transmigration
 34974 | D:14     | Learned a level 2 spell: Passwall
 35340 | D:14     | Noticed Louise
 35362 | D:14     | Killed Louise
 35798 | D:15     | Entered Level 15 of the Dungeon
 36489 | D:15     | Reached skill level 27 in Stealth
 36698 | D:15     | Found a staircase to the Depths.
 37282 | Spider:1 | Entered Level 1 of the Spider Nest
 37295 | Spider:1 | Noticed Agnes
 38317 | Spider:1 | Noticed Kirke
 38321 | Lair:4   | Killed Agnes
 38322 | Lair:4   | Reached skill level 1 in Ice Magic
 38480 | Spider:1 | Reached skill level 7 in Spellcasting
 38480 | Spider:1 | Reached skill level 2 in Ice Magic
 38480 | Spider:1 | Reached XP level 16. HP: 69/84 MP: 27/27
 38640 | Lair:4   | Killed Kirke
 38758 | Lair:4   | Reached skill level 3 in Ice Magic
 39569 | Lair:4   | Reached skill level 11 in Hexes
 40049 | Spider:1 | Found a runed translucent gate.
 40050 | Spider:1 | Found a runed translucent gate.
 40051 | Spider:1 | Found a runed translucent gate.
 40051 | Spider:1 | Noticed Potunir's ghost (adept TeAE)
 40813 | Lair:3   | Reached skill level 8 in Spellcasting
 40813 | Lair:3   | Reached skill level 4 in Ice Magic
 41205 | Spider:1 | Noticed Donald
 41336 | Spider:1 | Killed Donald
 41337 | Spider:1 | Reached skill level 16 in Dodging
 41602 | Spider:1 | Noticed Dirphotyiz's ghost (journeyman DrIE)
 41628 | Spider:1 | Killed Dirphotyiz's ghost
 41653 | Spider:1 | Killed Potunir's ghost
 41789 | Spider:1 | Got a slimy tin ring
 41791 | Spider:1 | Identified the ring "Kuitao" {rN+ Stlth+} (You found it on
                  | level 1 of the Spider Nest)
 42030 | Spider:2 | Noticed Arachne
 42047 | Spider:1 | Killed Arachne
 42048 | Spider:1 | Reached skill level 5 in Ice Magic
 42458 | Spider:2 | Noticed Azrael
 43975 | Spider:1 | Reached skill level 9 in Spellcasting
 44068 | Spider:1 | Killed Azrael
 44511 | Spider:2 | Reached skill level 6 in Ice Magic
 44790 | Spider:2 | Reached skill level 12 in Hexes
 44844 | Spider:1 | HP: 4/85 [wolf spider (16)]
 44845 | Spider:1 | Slain by a wolf spider

Vanquished Creatures
  Arachne (Spider:1)
  Frances (D:13)
  Kirke (Lair:4)
  Agnes (Lair:4)
  The ghost of Dirphotyiz the Spear-Bearer, a journeyman DrIE of Gozag (Spider:1)
  Donald (Spider:1)
  The ghost of Potunir the Stormcaller, an adept TeAE of Ru (Spider:1)
  Louise (D:14)
  A stone giant (Orc:1)
  A spark wasp (Spider:2)
  Azrael (Spider:1)
  An entropy weaver (Spider:1)
  The ghost of Realifif the Fighter, a journeyman MiFi of Makhleb (D:14)
  A minotaur (Gauntlet)
  An ogre mage (D:13)
  2 ice dragons (D:15)
  2 vault guards (D:14)
  14 hydras
  2 boulder beetles
  3 catoblepae (Lair:6)
  A tengu warrior (D:13)
  2 centaur warriors
  12 death yaks
  5 two-headed ogres
  4 orc high priests
  Nergalle (D:10)
  3 skeletal warriors (D:15)
  2 unseen horrors
  10 orc knights
  Pikel (D:7)
  5 necromancers (D:14)
  3 orb spiders (Spider:2)
  2 deep elf magi
  19 wolf spiders
  3 cyclopes
  4 manticores
  4 orc sorcerers
  An ugly thing (D:13)
  A moth of wrath (Spider:1)
  13 elephants
  5 black mambas
  A gargoyle (D:13)
  A torpor snail (Gauntlet)
  A black mamba (shapeshifter) (D:15)
  7 centaur skeletons
  Maggie (D:7)
  A rime drake (Lair:5)
  10 cane toads
  14 komodo dragons
  A yaktaur (D:15)
  12 demonic crawlers
  5 trolls
  3 meliai (Gauntlet)
  2 polar bears
  20 jumping spiders
  8 slime creatures
  A hornet (Spider:1)
  6 dream sheep (Lair:5)
  13 blink frogs
  2 shadows
  5 wyverns
  A vampire (D:14)
  27 redbacks
  14 tarantellas
  18 humans (D:14)
  58 yaks
  3 fire elementals (Spider:1)
  4 hogs
  2 vampire mosquitoes (D:15)
  3 steam dragons
  5 basilisks
  Menkaure (D:4)
  5 wargs
  A soldier ant (shapeshifter) (D:13)
  A hell hound (Spider:1)
  15 water moccasins
  A floating eye (D:13)
  20 orc warriors
  Purgy (Sewer)
  3 sky beasts
  3 black bears
  An eye of draining (D:8)
  An ice beast (D:8)
  19 wolves
  A phantom (D:13)
  18 ogres
  11 centaurs
  A big kobold (D:7)
  14 bullfrogs
  A gnoll sergeant (D:13)
  A wyvern zombie (D:7)
  6 scorpions
  4 killer bees
  9 wights
  4 howler monkeys
  A quasit (D:8)
  6 bullfrog zombies
  4 centaur zombies
  18 orc priests
  4 hounds
  4 jellies
  22 orc wizards
  A bullfrog skeleton (D:7)
  4 iguanas
  17 worker ants
  7 hell rats
  A worker ant zombie (D:11)
  Robin (D:3)
  11 gnolls
  A howler monkey skeleton (D:6)
  18 adders
  7 shadow imps
  3 ufetubi
  An adder zombie (D:8)
  3 adder skeletons
  4 worms
  3 dart slugs
  9 leopard geckos
  74 orcs
  13 bats
  9 giant cockroaches
  16 goblins
  10 hobgoblins
  18 jackals
  5 quokkas
  2 ball pythons (D:1)
  11 frilled lizards
  19 kobolds
  A leopard gecko skeleton (D:4)
  6 rats
  2 butterflies (D:9)
866 creatures vanquished.

Vanquished Creatures (others)
  4 redbacks
  An orc wizard (Orc:2)
  A bush (Lair:5)
  48 fungi
  54 plants
  7 withered plants
115 creatures vanquished.

Grand Total: 981 creatures vanquished
